AoeStats
← fyerlang

Arena

509599387Analyzed
4v4 RM · 4d ago on Sep 27, 2026· 52m 9s· 8 players
Game mode
Random Map
Map size
Large (8 player)
Population
200
Speed
Normal
Resources
Standard
Victory
Conquest
Starting age
Dark Age
Ending age
Imperial Age
RankedLock teamsTeams togetherTeam positionsShared explorationLock speedFull tech treeHidden civsTurbo modeCheats
Victory
Defeat
🇭🇰 Varangians · Hong Kong SAR China
1104
+14
🇫🇷 Malay · France
1063
+16
🇪🇸 Vietnamese · Spain
1045
+17
🇪🇸 Varangians · Spain
1036
+17
🇨🇳 Celts · China
1096
-17
🇨🇳 Malay · China
1067
-16
🇨🇳 Spanish · China
1064
-16
🇭🇰 Khmer · Hong Kong SAR China
1031
-15
code monkey HK
8:05 Feudal Age
12:45 Castle Age
12:32 Double-Bit Axe
20:07 Bow Saw
21:24 Horse Collar
22:07 Heavy Plow
23:17 Gold Mining
23:18 Stone Mining
24:23 Fervor
30:11 Imperial Age
27:32 Loom
28:22 Wheelbarrow
28:01 Fletching
28:11 Padded Archer Armor
28:00 Crossbowman
28:42 Bodkin Arrow
30:21 Scale Barding Armor
30:32 Leather Archer Armor
30:28 Forging
30:19 Light Cavalry
31:09 Bloodlines
32:26 Conscription
34:33 Hussar
35:14 Husbandry
39:24 Bracer
44:12 Double Crossbow
46:06 Hoardings
46:05 Hand Cart
45:35 Town Watch
50:01 Siege Engineers
50:18 Ballistics
50:58 Chemistry
49:54 Murder Holes
50:10 Masonry
fyerlang
12:16 Feudal Age
14:36 Loom
17:30 Castle Age
15:21 Double-Bit Axe
15:51 Horse Collar
18:43 Bow Saw
18:37 Heavy Plow
20:36 Husbandry
22:02 Bloodlines
22:05 Fletching
23:38 Bodkin Arrow
23:44 Town Watch
24:27 Scale Barding Armor
29:00 Chain Barding Armor
28:51 Forging
29:19 Wheelbarrow
32:37 Ballistics
33:57 Iron Casting
42:59 Imperial Age
46:09 Hand Cart
47:18 Two-Man Saw
47:31 Conscription
48:30 Light Cavalry
嬴政1号
10:38 Feudal Age
14:27 Castle Age
12:48 Double-Bit Axe
14:12 Horse Collar
20:30 Gold Mining
20:31 Stone Mining
21:37 Wheelbarrow
21:53 Bow Saw
22:56 Hand Cart
23:41 Heavy Plow
24:44 Gold Shaft Mining
24:00 Stone Mining
26:45 Stone Shaft Mining
30:30 Imperial Age
28:04 Pikeman
28:49 Scale Mail Armor
29:00 Forging
31:06 Chain Mail Armor
31:26 Iron Casting
31:45 Conscription
31:37 Furor Celtica
30:51 Halberdier
31:00 Capped Ram
33:04 Plate Mail Armor
32:33 Loom
33:18 Siege Ram
35:01 Heavy Scorpion
38:42 Ballistics
39:23 Chemistry
38:29 Siege Engineers
39:27 Blast Furnace
41:23 Gambesons
41:01 Man-at-Arms
42:07 Long Swordsman
43:11 Two-Handed Swordsman
44:15 Champion
68877168
10:04 Feudal Age
13:59 Castle Age
12:22 Double-Bit Axe
14:23 Bow Saw
15:30 Horse Collar
20:58 Gold Mining
22:18 Heavy Plow
22:08 Loom
23:05 Wheelbarrow
25:27 Stone Mining
27:43 Hand Cart
29:02 Scale Barding Armor
29:08 Forging
32:52 Imperial Age
31:10 Iron Casting
30:27 Pikeman
31:07 Squires
30:53 Arson
31:14 Husbandry
31:41 Halberdier
33:25 Blast Furnace
36:34 Treadmill Crane
37:15 Ballistics
37:07 Masonry
36:26 Elite Battle Elephant
37:52 Gold Shaft Mining
37:53 Stone Shaft Mining
41:31 Chemistry
40:31 Murder Holes
40:05 Crossbowman
40:09 Elite Skirmisher
40:26 Elite Karambit Warrior
41:28 Conscription
41:12 Forced Levy
40:40 Man-at-Arms
43:26 Fletching
43:38 Padded Archer Armor
44:17 Crop Rotation
47:01 Long Swordsman
47:43 Two-Handed Swordsman
ImFriendly
11:10 Feudal Age
15:13 Castle Age
14:11 Horse Collar
14:19 Double-Bit Axe
16:29 Bow Saw
16:20 Heavy Plow
28:48 Imperial Age
26:05 Loom
26:56 Wheelbarrow
26:06 Town Watch
27:04 Fletching
27:15 Padded Archer Armor
27:15 Stone Mining
27:15 Gold Mining
28:12 Bodkin Arrow
28:17 Scale Mail Armor
28:28 Forging
28:42 Pikeman
29:23 Squires
29:43 Leather Archer Armor
29:36 Halberdier
32:12 Two-Man Saw
31:46 Crop Rotation
31:35 Bracer
32:27 Stone Shaft Mining
32:31 Ballistics
33:12 Chemistry
33:20 Paper Money
33:24 Fortified Wall
32:51 Elite Skirmisher
33:31 Imperial Skirmisher
34:19 Thumb Ring
33:54 Elite Rattan Archer
35:27 Imperial Skirmisher
37:19 Hand Cart
42:13 Guilds
42:34 Coinage
42:16 Guilds
42:07 Caravan
42:39 Ring Archer Armor
42:45 Iron Casting
42:25 Chain Mail Armor
44:20 Hoardings
44:49 Banking
45:22 Crossbowman
45:58 Arbalester
48:00 Plate Mail Armor
50:44 Hand Cart
Bander
12:37 Feudal Age
10:56 Loom
16:52 Castle Age
15:33 Double-Bit Axe
15:40 Stone Mining
15:42 Horse Collar
22:34 Town Watch
23:36 Wheelbarrow
24:33 Stone Shaft Mining
29:29 Gold Mining
29:48 Devotion
30:00 Bow Saw
31:14 Hand Cart
32:39 Fortified Wall
32:10 Treadmill Crane
32:56 Murder Holes
37:19 Imperial Age
34:51 Town Patrol
35:04 Gambesons
35:43 Arson
35:59 Squires
36:00 Fletching
36:20 Forging
36:11 Scale Mail Armor
37:00 Bodkin Arrow
37:53 Masonry
38:04 Ballistics
38:23 Iron Casting
38:26 Conscription
37:30 Gothikon
39:16 Chemistry
38:34 Chain Mail Armor
37:42 Elite Varangian Guard
38:54 Faith
39:07 Architecture
38:41 Heavy Plow
39:45 Two-Man Saw
39:19 Bracer
40:12 Guard Tower
41:57 Plate Mail Armor
43:39 Crop Rotation
44:12 Blast Furnace
42:42 Vendel Legacy
44:03 Elite Jarl
44:55 Scale Barding Armor
47:21 Chain Barding Armor
48:42 Plate Barding Armor
49:13 Husbandry
49:26 Bloodlines
pierre1903
12:26 Feudal Age
16:26 Castle Age
14:39 Double-Bit Axe
15:00 Horse Collar
18:34 Bow Saw
22:28 Gold Mining
23:11 Loom
28:38 Imperial Age
26:44 Wheelbarrow
26:40 Scale Barding Armor
27:22 Forging
27:20 Husbandry
27:34 Light Cavalry
30:33 Heavy Plow
30:03 Elite Battle Elephant
32:02 Iron Casting
31:21 Capped Ram
33:13 Gold Shaft Mining
33:42 Blast Furnace
33:00 Hand Cart
33:24 Pikeman
34:41 Halberdier
34:42 Man-at-Arms
35:24 Squires
35:10 Arson
35:30 Man-at-Arms
36:27 Long Swordsman
37:12 Padded Archer Armor
37:02 Fletching
37:21 Two-Handed Swordsman
40:01 Onager
41:24 Forced Levy
41:45 Conscription
45:03 Caravan
49:09 Bodkin Arrow
49:30 Leather Archer Armor
vic163001
10:55 Feudal Age
11:32 Double-Bit Axe
11:28 Horse Collar
14:29 Castle Age
15:31 Bow Saw
16:11 Heavy Plow
17:48 Wheelbarrow
19:25 Loom
22:21 Gold Mining
23:26 Stone Mining
24:05 Hand Cart
24:25 Bloodlines
24:16 Husbandry
25:26 Fervor
28:11 Imperial Age
26:18 Town Watch
26:26 Light Cavalry
27:54 Ballistics
27:41 Scale Barding Armor
27:46 Forging
27:27 Fletching
27:44 Scale Mail Armor
27:07 Pikeman
27:47 Squires
27:32 Arson
28:44 Chain Barding Armor
28:47 Elite Jarl
30:38 Iron Casting
31:18 Chain Mail Armor
30:25 Halberdier
31:21 Gothikon
31:21 Vendel Legacy
32:22 Conscription
32:13 Vendel Legacy
34:14 Blast Furnace
33:49 Plate Barding Armor
34:57 Plate Mail Armor
34:22 Bodkin Arrow
34:14 Arson
35:26 Elite Varangian Guard
37:28 Town Patrol
40:04 Man-at-Arms
40:29 Gambesons
40:45 Bracer
40:46 Padded Archer Armor
41:48 Chemistry
40:53 Siege Engineers
40:59 Masonry
40:29 Treadmill Crane
40:44 Murder Holes
41:00 Fortified Wall
41:53 Two-Man Saw
41:24 Crop Rotation
41:31 Stone Shaft Mining
42:09 Capped Ram
43:31 Guilds
43:17 Siege Ram
44:43 Leather Archer Armor
43:50 Long Swordsman
43:52 Hussar
48:48 Caravan
49:18 Coinage
Connection lost

Rejoining the realm…

Still unreachable

The connection could not be restored.

Session expired

The server has moved on; the page needs a fresh start.